Map: Central Protocol

Players

Serral - Winner!

  • Race: Zerg Zerg
  • League: Master

INnoVation

  • Race: Terran Terran

Event: NationWars III

VOD

Have the link to the VOD?

Description

Time

  • Played on: Dec. 12, 2015, 3:54 p.m.
  • Length: 7:08

All games in this series

Show
View Real Time Build Order
Export as new Build Order

Serral Zerg - Winner!

Build Orders: Hatch First 

Get SALT Encoding   

  12  0:01  Drone  
  13  0:12  Overlord  
  13  0:17  Drone  
  14  0:31  Drone  
  14  0:32  Drone  
  16  0:49  Hatchery  
  15  0:53  Drone  
  15  0:55  Drone  
  17  0:59  Extractor  
  17  1:01  Drone  
  17  1:15  Spawning Pool  
  17  1:18  Drone  
  17  1:22  Drone  
  18  1:28  Drone  
  19  1:38  Overlord  
  19  2:02  Metabolic Boost, Queen x2  
  19  2:03  Zergling x2  
  19  2:06  Zergling x2  
  25  2:10  Drone  
  25  2:13  Drone  
  27  2:16  Drone  
  29  2:22  Drone  
  29  2:23  Drone  
  30  2:38  Queen  
  30  2:41  Overlord  
  30  2:43  Queen  
  34  2:46  Drone  
  34  2:48  Drone  
  36  2:55  Overlord  
  36  3:02  Drone x2  
  36  3:04  Drone  
  39  3:06  Drone  
  39  3:11  Drone x3  
  43  3:16  Queen  
  45  3:26  Overlord  
  45  3:27  Drone x2, Extractor  
  45  3:31  Drone  
  47  3:41  Roach Warren  
  45  3:43  Zergling x8  
  49  3:49  Queen  
  49  3:52  Queen  
  53  3:56  Overlord  
  53  4:18  Overlord x2  
  53  4:21  Roach x6  
  65  4:30  Queen  
  67  4:35  Overlord  
  67  4:36  Queen  
  69  4:39  Overlord  
  69  4:46  Spore Crawler  
  69  4:48  Ravager  
  69  4:49  Ravager x3  
  69  4:51  Roach  
  74  4:53  Overlord  
  74  5:02  Ravager  
  74  5:06  Overlord  
  79  5:07  Roach x2  
  79  5:09  Queen  
  73  5:21  Roach x3  
  79  5:27  Zergling x8  
  83  5:33  Ravager  
  80  5:45  Roach  
  80  5:46  Roach x2  
  86  5:56  Zergling x2  
  88  5:57  Zergling x10  
  92  6:12  Zergling x6  
  87  6:27  Zergling x12  
  87  6:30  Ravager x2  
  87  6:31  Ravager  
  94  6:34  Extractor x2  
  94  6:36  Drone x2  
  89  6:41  Drone  
Show
View Real Time Build Order
Export as new Build Order

INnoVation Terran 

Build Orders: Liberator Opening, Reaper Expand 

Get SALT Encoding   

  12  0:00  SCV  
  13  0:13  SCV  
  14  0:17  Supply Depot  
  14  0:25  SCV  
  15  0:39  SCV  
  15  0:40  Barracks  
  16  0:44  Refinery  
  16  0:51  SCV  
  17  1:03  SCV  
  18  1:15  SCV  
  19  1:27  Reaper  
  19  1:28  Orbital Command  
  20  1:40  Command Center  
  20  1:47  Supply Depot  
  20  1:54  SCV  
  21  1:59  Marine  
  22  2:05  Factory  
  22  2:07  SCV  
  23  2:12  Refinery  
  23  2:19  SCV  
  23  2:22  Barracks Reactor  
  24  2:31  SCV  
  25  2:43  SCV  
  26  2:50  Starport  
  26  2:52  Orbital Command  
  26  2:55  SCV  
  27  3:02  Hellion x2  
  27  3:04  Barracks Tech Lab  
  31  3:07  SCV  
  31  3:09  Liberator  
  32  3:16  Supply Depot  
  32  3:18  SCV  
  32  3:19  SCV  
  37  3:30  Marine x2  
  37  3:33  SCV  
  37  3:34  SCV  
  41  3:40  Supply Depot  
  41  3:43  Siege Tank  
  41  3:45  SCV  
  41  3:46  SCV  
  41  3:47  Marine  
  41  3:48  Marine  
  48  3:55  Liberator  
  48  3:58  SCV x2  
  50  4:05  Marine x2  
  51  4:10  SCV x2  
  51  4:13  Supply Depot  
  56  4:22  SCV x2  
  58  4:26  Command Center  
  58  4:27  Marine x2  
  60  4:34  SCV x2  
  60  4:35  Siege Tank  
  65  4:39  Supply Depot  
  65  4:45  Liberator, Marine x2  
  65  4:46  SCV x2  
  65  4:47  Refinery  
  65  4:49  Refinery  
  69  5:00  Bunker  
  69  5:04  SCV x2  
  74  5:07  Marine x2  
  74  5:19  SCV x2  
  74  5:20  Siege Tank  
  76  5:22  Barracks  
  76  5:23  Barracks  
  76  5:27  Marine  
  76  5:28  Marine  
  78  5:31  Liberator  
  78  5:35  SCV x2  
  78  5:37  Engineering Bay  
  78  5:38  Engineering Bay  
  78  5:42  Orbital Command  
  80  5:56  Barracks  
  80  5:59  Siege Tank, Barracks  
  83  6:11  Barracks Tech Lab  
  83  6:12  Barracks Tech Lab  
  83  6:17  SCV x2  
  72  6:34  SCV x2  
  72  6:35  Marine x2  
  73  6:45  SCV  
  73  6:46  SCV x2  
Tags
 
Add a new tag
Caveats
  • Supply blocks, unpowered buildings, or Contaminate may cause inaccurate times.
  • Supply counts are checked every 10 seconds.